[ AOE2 MATCH · #475259560 ]
Team RMSpanish vs Teutons
[ REPLAY ANALYSIS · EXTRACTED FROM THE RECORDED GAME ]
Feudal
12:11
Castle
15:41
Imperial
34:03
| APM avg | 67.0 |
| APM peak | 122 |
| eAPM avg | 26.9 |
| Villagers / military | 124 / 149 |
Focus
⚔️ 32.1% · 🌾 67.9%
Skirmisher ×69 · Militia ×53 · Knight ×21 · Scout Cavalry ×4 · Missionary ×2
Feudal
10:15
Castle
13:50
Imperial
30:30
| APM avg | 33.6 |
| APM peak | 49 |
| eAPM avg | 16.8 |
| Villagers / military | 67 / 75 |
Focus
⚔️ 33.5% · 🌾 66.5%
Longbowman ×71 · Petard ×3 · Trebuchet (Packed) ×1
Feudal
—
Castle
—
Imperial
—
| APM avg | 55.5 |
| APM peak | 140 |
| eAPM avg | 27.5 |
| Villagers / military | 271 / 149 |
Focus
⚔️ 16.1% · 🌾 83.9%
Spearman ×75 · Huskarl ×65 · Mangonel ×5 · Trebuchet (Packed) ×2 · Monk ×1 · Battering Ram ×1
Feudal
10:36
Castle
14:42
Imperial
32:02
| APM avg | 32.2 |
| APM peak | 63 |
| eAPM avg | 23.4 |
| Villagers / military | 145 / 105 |
Focus
⚔️ 32.9% · 🌾 67.1%
Elephant Archer ×78 · Militia ×14 · Armored Elephant ×5 · Trebuchet (Packed) ×4 · Bombard Cannon ×2 · Monk ×1
Feudal
10:51
Castle
29:46
Imperial
—
| APM avg | 55.1 |
| APM peak | 126 |
| eAPM avg | 36.7 |
| Villagers / military | 115 / 2 |
Focus
⚔️ 24.3% · 🌾 75.7%
Skirmisher ×2
Feudal
13:03
Castle
17:51
Imperial
30:52
| APM avg | 29.0 |
| APM peak | 71 |
| eAPM avg | 16.6 |
| Villagers / military | 99 / 211 |
Focus
⚔️ 22.8% · 🌾 77.2%
Huskarl ×109 · Spearman ×102
Feudal
11:46
Castle
15:41
Imperial
20:16
| APM avg | 49.3 |
| APM peak | 93 |
| eAPM avg | 26.7 |
| Villagers / military | 60 / 11 |
Focus
⚔️ 25.8% · 🌾 74.2%
Hand Cannoneer ×7 · Bombard Cannon ×4
Feudal
9:00
Castle
26:15
Imperial
—
| APM avg | 24.7 |
| APM peak | 54 |
| eAPM avg | 14.7 |
| Villagers / military | 101 / 11 |
Focus
⚔️ 15.1% · 🌾 84.9%
Knight ×11
Match map
Initial resources + every placement click. Lines = walls · curves = elevation contours. ◆ gold · ⬟ stone · ● berries · ✦ relic · ◌ wall gap
Your base· Open — unwalled flank
xBray's base· Open — unwalled flank
yugiohcards7039's base· Open — unwalled flank
LVDB_Curandero's base· Open — unwalled flank
Agro's base· Open — unwalled flank
JERRY's base· Open — unwalled flank
VZ | Nescar's base· Open — unwalled flank
祈求好运's base· Open — unwalled flank
Smoothed initial terrain · ◌ = detected wall gap · hover for details
Inputs per minute
— My Melody - - xBray
Build order — My Melody
First 150 of 438 actions detected
| 0:01 | Create | Villager (Male) |
| 0:02 | Create | Villager (Male) |
| 0:02 | Create | Villager (Male) |
| 0:02 | Create | Villager (Male) |
| 0:04 | Build | House |
| 0:05 | Build | House |
| 1:18 | Create | Villager (Male) |
| 1:53 | Build | Lumber Camp |
| 2:05 | Create | Villager (Male) |
| 2:24 | Create | Villager (Male) |
| 2:47 | Create | Villager (Male) |
| 3:13 | Create | Villager (Male) |
| 3:35 | Create | Villager (Male) |
| 3:42 | Create | Villager (Male) |
| 3:59 | Build | House |
| 4:00 | Build | House |
| 4:01 | Build | House |
| 4:18 | Build | Mill |
| 4:21 | Create | Villager (Male) |
| 4:26 | Create | Villager (Male) |
| 4:51 | Create | Villager (Male) |
| 4:56 | Create | Villager (Male) |
| 5:15 | Build | Farm |
| 5:22 | Create | Villager (Male) |
| 5:52 | Create | Villager (Male) |
| 5:56 | Build | Farm |
| 6:07 | Create | Villager (Male) |
| 6:31 | Create | Villager (Male) |
| 6:43 | Create | Villager (Male) |
| 6:44 | Build | Farm |
| 6:58 | Create | Villager (Male) |
| 7:17 | Build | Lumber Camp |
| 7:22 | Create | Villager (Male) |
| 7:31 | Build | Lumber Camp |
| 7:31 | Create | Villager (Male) |
| 7:41 | Create | Villager (Male) |
| 7:59 | Create | Villager (Male) |
| 8:21 | Create | Villager (Male) |
| 8:28 | Create | Villager (Male) |
| 8:48 | Build | Farm |
| 9:21 | Build | Farm |
| 9:40 | Build | Mining Camp |
| 9:49 | Research | Feudal Age |
| 10:19 | Build | Barracks |
| 10:54 | Build | House |
| 11:53 | Create | Villager (Male) |
| 12:11 | Age | Feudal Age |
| 12:13 | Build | Stable |
| 12:16 | Build | Blacksmith |
| 12:20 | Research | Horse Collar |
| 12:34 | Create | Villager (Male) |
| 12:38 | Research | Double-Bit Axe |
| 12:55 | Research | Castle Age |
| 13:16 | Create | Scout Cavalry |
| 13:16 | Create | Scout Cavalry |
| 13:19 | Build | Farm |
| 13:24 | Build | Farm |
| 13:25 | Create | Scout Cavalry |
| 13:48 | Create | Scout Cavalry |
| 14:26 | Build | Farm |
| 14:35 | Build | Farm |
| 15:38 | Create | Villager (Male) |
| 15:40 | Build | House |
| 15:41 | Age | Castle Age |
| 15:45 | Build | Monastery |
| 15:50 | Research | Bow Saw |
| 15:53 | Research | Heavy Plow |
| 16:01 | Build | House |
| 16:02 | Build | House |
| 16:24 | Research | Forging |
| 16:25 | Create | Villager (Male) |
| 16:38 | Create | Villager (Male) |
| 16:43 | Create | Villager (Male) |
| 16:47 | Create | Missionary |
| 16:49 | Create | Missionary |
| 16:51 | Create | Villager (Male) |
| 17:03 | Create | Villager (Male) |
| 17:08 | Build | Town Center |
| 17:17 | Create | Villager (Male) |
| 17:19 | Research | Scale Barding Armor |
| 17:26 | Create | Knight |
| 17:27 | Create | Knight |
| 17:30 | Build | House |
| 17:31 | Build | House |
| 17:38 | Build | Farm |
| 17:38 | Build | Farm |
| 17:39 | Create | Villager (Male) |
| 18:00 | Create | Villager (Male) |
| 18:02 | Build | Farm |
| 18:02 | Build | Farm |
| 18:03 | Build | Farm |
| 18:14 | Build | House |
| 18:15 | Create | Villager (Male) |
| 18:18 | Build | Farm |
| 18:31 | Create | Villager (Male) |
| 18:39 | Build | Farm |
| 18:40 | Build | Farm |
| 18:40 | Build | Farm |
| 18:51 | Create | Villager (Male) |
| 19:00 | Create | Villager (Male) |
| 19:16 | Create | Villager (Male) |
| 19:21 | Create | Villager (Male) |
| 19:43 | Build | Farm |
| 19:44 | Build | Farm |
| 19:44 | Build | Farm |
| 19:46 | Build | Town Center |
| 19:47 | Create | Villager (Male) |
| 19:49 | Create | Villager (Male) |
| 20:07 | Create | Villager (Male) |
| 20:07 | Create | Villager (Male) |
| 20:17 | Create | Villager (Male) |
| 20:22 | Build | Stable |
| 20:25 | Build | Farm |
| 20:25 | Build | Farm |
| 20:25 | Build | Farm |
| 20:26 | Create | Knight |
| 20:30 | Create | Knight |
| 20:30 | Create | Knight |
| 20:46 | Create | Villager (Male) |
| 20:49 | Build | Farm |
| 20:49 | Build | Farm |
| 20:49 | Build | Farm |
| 21:06 | Research | Chain Barding Armor |
| 21:13 | Build | Farm |
| 21:15 | Build | Farm |
| 21:15 | Build | Farm |
| 21:15 | Build | Farm |
| 21:15 | Build | Farm |
| 21:16 | Create | Villager (Male) |
| 21:36 | Create | Villager (Male) |
| 21:41 | Create | Villager (Male) |
| 21:47 | Build | Farm |
| 21:47 | Build | Farm |
| 21:49 | Create | Knight |
| 21:49 | Create | Knight |
| 21:49 | Create | Knight |
| 21:50 | Create | Knight |
| 22:02 | Build | Market |
| 22:06 | Create | Knight |
| 22:06 | Create | Knight |
| 22:19 | Create | Knight |
| 22:20 | Create | Knight |
| 22:33 | Build | House |
| 22:34 | Build | House |
| 22:35 | Research | Wheelbarrow |
| 22:43 | Create | Villager (Male) |
| 22:59 | Create | Knight |
| 23:16 | Create | Knight |
| 23:30 | Create | Villager (Male) |
| 23:31 | Create | Villager (Male) |
Build order — xBray
First 150 of 219 actions detected
| 0:01 | Create | Villager (Male) |
| 0:01 | Create | Villager (Male) |
| 0:01 | Create | Villager (Male) |
| 0:02 | Build | House |
| 0:03 | Build | House |
| 0:11 | Create | Villager (Male) |
| 0:11 | Create | Villager (Male) |
| 1:19 | Create | Villager (Male) |
| 1:19 | Create | Villager (Male) |
| 1:42 | Create | Villager (Male) |
| 1:42 | Create | Villager (Male) |
| 1:46 | Build | Lumber Camp |
| 2:12 | Create | Villager (Male) |
| 2:12 | Create | Villager (Male) |
| 2:44 | Create | Villager (Male) |
| 2:44 | Create | Villager (Male) |
| 2:44 | Create | Villager (Male) |
| 2:59 | Create | Villager (Male) |
| 2:59 | Create | Villager (Male) |
| 3:32 | Build | House |
| 4:07 | Create | Villager (Male) |
| 4:07 | Create | Villager (Male) |
| 4:11 | Build | Mill |
| 4:58 | Create | Villager (Male) |
| 4:58 | Create | Villager (Male) |
| 5:41 | Create | Villager (Male) |
| 5:55 | Build | House |
| 6:11 | Create | Villager (Male) |
| 6:12 | Create | Villager (Male) |
| 6:23 | Build | Mining Camp |
| 6:57 | Create | Villager (Male) |
| 7:00 | Create | Villager (Male) |
| 8:05 | Research | Feudal Age |
| 8:18 | Build | Farm |
| 8:20 | Build | Farm |
| 9:51 | Create | Villager (Male) |
| 9:51 | Create | Villager (Male) |
| 10:15 | Age | Feudal Age |
| 10:16 | Build | Blacksmith |
| 10:18 | Build | Market |
| 10:20 | Create | Villager (Male) |
| 10:36 | Build | Mining Camp |
| 11:10 | Research | Castle Age |
| 11:11 | Research | Castle Age |
| 12:05 | Research | Double-Bit Axe |
| 13:50 | Age | Castle Age |
| 13:57 | Build | Castle |
| 14:01 | Create | Villager (Male) |
| 14:01 | Create | Villager (Male) |
| 14:06 | Build | House |
| 14:09 | Research | Fletching |
| 14:15 | Build | House |
| 14:30 | Build | Castle |
| 14:43 | Research | Loom |
| 14:58 | Research | Bow Saw |
| 15:02 | Create | Villager (Male) |
| 15:44 | Create | Longbowman |
| 15:44 | Create | Longbowman |
| 15:52 | Create | Villager (Male) |
| 15:52 | Create | Villager (Male) |
| 15:55 | Build | Farm |
| 16:17 | Create | Petard |
| 16:17 | Create | Petard |
| 16:31 | Build | Farm |
| 16:33 | Build | Farm |
| 16:35 | Build | Farm |
| 16:40 | Create | Villager (Male) |
| 17:02 | Create | Longbowman |
| 17:02 | Create | Longbowman |
| 17:05 | Create | Villager (Male) |
| 17:28 | Create | Petard |
| 17:33 | Create | Longbowman |
| 17:34 | Create | Longbowman |
| 17:38 | Build | Farm |
| 18:04 | Create | Villager (Male) |
| 18:05 | Create | Villager (Male) |
| 18:15 | Create | Longbowman |
| 18:15 | Create | Longbowman |
| 18:48 | Research | Bodkin Arrow |
| 18:48 | Research | Bodkin Arrow |
| 18:52 | Build | Farm |
| 18:53 | Build | Farm |
| 18:53 | Build | Farm |
| 18:54 | Build | Farm |
| 19:18 | Create | Villager (Male) |
| 19:18 | Create | Villager (Male) |
| 19:19 | Build | Farm |
| 19:24 | Create | Longbowman |
| 19:24 | Create | Longbowman |
| 19:37 | Create | Villager (Male) |
| 19:44 | Create | Longbowman |
| 19:44 | Create | Longbowman |
| 20:03 | Create | Villager (Male) |
| 20:04 | Build | Farm |
| 20:08 | Create | Longbowman |
| 20:08 | Create | Longbowman |
| 20:47 | Create | Villager (Male) |
| 20:47 | Create | Villager (Male) |
| 20:49 | Build | Farm |
| 20:54 | Build | Farm |
| 21:41 | Create | Longbowman |
| 21:41 | Create | Longbowman |
| 22:08 | Create | Villager (Male) |
| 22:08 | Create | Villager (Male) |
| 22:20 | Create | Longbowman |
| 22:20 | Create | Longbowman |
| 22:33 | Build | Lumber Camp |
| 22:40 | Build | Monastery |
| 22:45 | Build | University |
| 22:47 | Research | Padded Archer Armor |
| 22:48 | Create | Villager (Male) |
| 22:51 | Create | Longbowman |
| 22:51 | Create | Longbowman |
| 23:25 | Create | Longbowman |
| 23:25 | Create | Longbowman |
| 23:26 | Create | Villager (Male) |
| 23:27 | Create | Villager (Male) |
| 23:32 | Research | Ballistics |
| 24:02 | Create | Longbowman |
| 24:02 | Create | Longbowman |
| 24:05 | Create | Villager (Male) |
| 24:09 | Research | Stone Mining |
| 24:10 | Research | Gold Mining |
| 24:41 | Create | Villager (Male) |
| 24:41 | Create | Villager (Male) |
| 25:07 | Create | Longbowman |
| 25:07 | Create | Longbowman |
| 25:10 | Create | Villager (Male) |
| 25:21 | Create | Longbowman |
| 25:29 | Build | House |
| 25:29 | Build | House |
| 25:29 | Build | House |
| 25:29 | Build | House |
| 25:30 | Build | House |
| 26:03 | Create | Longbowman |
| 26:04 | Create | Villager (Male) |
| 26:08 | Build | Mining Camp |
| 26:27 | Build | House |
| 26:35 | Create | Longbowman |
| 26:35 | Create | Longbowman |
| 27:20 | Research | Imperial Age |
| 27:20 | Research | Imperial Age |
| 27:24 | Create | Longbowman |
| 27:24 | Create | Longbowman |
| 27:42 | Create | Longbowman |
| 27:51 | Create | Longbowman |
| 27:51 | Create | Longbowman |
| 28:04 | Create | Villager (Male) |
| 28:04 | Create | Villager (Male) |
| 28:17 | Build | Barracks |
Build order — yugiohcards7039
First 150 of 413 actions detected
| 0:01 | Create | Villager (Male) ×4 |
| 0:01 | Create | Villager (Male) ×4 |
| 0:01 | Create | Villager (Male) ×4 |
| 0:01 | Create | Villager (Male) ×4 |
| 0:01 | Create | Villager (Male) ×4 |
| 0:01 | Create | Villager (Male) ×4 |
| 0:03 | Build | House |
| 0:04 | Build | House |
| 1:29 | Create | Villager (Male) |
| 1:29 | Create | Villager (Male) |
| 1:29 | Create | Villager (Male) |
| 1:29 | Create | Villager (Male) |
| 1:29 | Create | Villager (Male) |
| 1:29 | Create | Villager (Male) |
| 1:29 | Create | Villager (Male) |
| 1:29 | Create | Villager (Male) |
| 1:29 | Create | Villager (Male) |
| 1:48 | Build | Lumber Camp |
| 1:51 | Create | Villager (Male) |
| 1:51 | Create | Villager (Male) |
| 1:51 | Create | Villager (Male) |
| 1:51 | Create | Villager (Male) |
| 1:51 | Create | Villager (Male) |
| 1:51 | Create | Villager (Male) |
| 1:51 | Create | Villager (Male) |
| 1:51 | Create | Villager (Male) |
| 2:22 | Create | Villager (Male) |
| 2:22 | Create | Villager (Male) |
| 2:22 | Create | Villager (Male) |
| 2:22 | Create | Villager (Male) |
| 2:22 | Create | Villager (Male) |
| 2:22 | Create | Villager (Male) |
| 2:22 | Create | Villager (Male) |
| 2:22 | Create | Villager (Male) |
| 2:23 | Create | Villager (Male) |
| 2:52 | Create | Villager (Male) |
| 2:52 | Create | Villager (Male) |
| 2:52 | Create | Villager (Male) |
| 2:52 | Create | Villager (Male) |
| 2:52 | Create | Villager (Male) |
| 2:52 | Create | Villager (Male) |
| 3:00 | Create | Villager (Male) |
| 3:00 | Create | Villager (Male) |
| 3:00 | Create | Villager (Male) |
| 3:00 | Create | Villager (Male) |
| 3:00 | Create | Villager (Male) |
| 3:00 | Create | Villager (Male) |
| 3:00 | Create | Villager (Male) |
| 3:27 | Build | House |
| 3:28 | Build | House |
| 3:51 | Create | Villager (Male) |
| 3:51 | Create | Villager (Male) |
| 3:51 | Create | Villager (Male) |
| 3:51 | Create | Villager (Male) |
| 3:51 | Create | Villager (Male) |
| 3:51 | Create | Villager (Male) |
| 3:53 | Research | Loom |
| 4:22 | Create | Villager (Male) |
| 4:22 | Create | Villager (Male) |
| 4:22 | Create | Villager (Male) |
| 4:22 | Create | Villager (Male) |
| 4:23 | Create | Villager (Male) |
| 4:23 | Create | Villager (Male) |
| 4:23 | Create | Villager (Male) |
| 4:23 | Create | Villager (Male) |
| 4:23 | Create | Villager (Male) |
| 5:08 | Create | Villager (Male) ×4 |
| 5:08 | Create | Villager (Male) ×4 |
| 5:08 | Create | Villager (Male) ×4 |
| 5:08 | Create | Villager (Male) ×4 |
| 5:08 | Create | Villager (Male) ×4 |
| 5:08 | Create | Villager (Male) ×4 |
| 5:08 | Create | Villager (Male) ×4 |
| 5:08 | Create | Villager (Male) ×4 |
| 5:38 | Create | Villager (Male) ×2 |
| 5:38 | Create | Villager (Male) ×2 |
| 5:38 | Create | Villager (Male) ×2 |
| 5:38 | Create | Villager (Male) ×2 |
| 5:38 | Create | Villager (Male) ×2 |
| 5:38 | Create | Villager (Male) ×2 |
| 5:38 | Create | Villager (Male) ×2 |
| 5:38 | Create | Villager (Male) ×2 |
| 5:38 | Create | Villager (Male) ×2 |
| 6:19 | Create | Villager (Male) ×3 |
| 6:19 | Create | Villager (Male) ×3 |
| 6:19 | Create | Villager (Male) ×3 |
| 6:19 | Create | Villager (Male) ×3 |
| 6:19 | Create | Villager (Male) ×3 |
| 6:19 | Create | Villager (Male) ×3 |
| 6:31 | Build | Mill |
| 6:54 | Create | Villager (Male) ×2 |
| 6:54 | Create | Villager (Male) ×2 |
| 6:54 | Create | Villager (Male) ×2 |
| 6:54 | Create | Villager (Male) ×2 |
| 6:54 | Create | Villager (Male) ×2 |
| 6:54 | Create | Villager (Male) ×2 |
| 6:54 | Create | Villager (Male) ×2 |
| 6:54 | Create | Villager (Male) ×2 |
| 6:54 | Create | Villager (Male) ×2 |
| 8:08 | Build | House |
| 8:49 | Research | Feudal Age |
| 8:49 | Research | Feudal Age |
| 8:55 | Build | Mining Camp |
| 9:12 | Build | Farm |
| 9:14 | Build | Farm |
| 9:41 | Build | Farm |
| 10:30 | Create | Villager (Male) |
| 10:30 | Create | Villager (Male) |
| 11:19 | Create | Villager (Male) |
| 11:39 | Create | Villager (Male) |
| 11:52 | Build | Market |
| 11:55 | Build | Blacksmith |
| 11:56 | Create | Villager (Male) |
| 12:23 | Build | House |
| 12:30 | Build | Farm |
| 12:54 | Build | Farm |
| 12:57 | Create | Villager (Male) |
| 13:08 | Build | Mining Camp |
| 13:18 | Research | Castle Age |
| 13:18 | Research | Castle Age |
| 13:47 | Research | Double-Bit Axe |
| 14:09 | Build | House |
| 14:10 | Build | House |
| 14:12 | Create | Villager (Male) |
| 14:19 | Build | Farm |
| 14:55 | Build | Farm |
| 15:44 | Build | House |
| 15:50 | Build | Farm |
| 15:52 | Build | Farm |
| 15:54 | Research | Horse Collar |
| 16:21 | Build | Siege Workshop |
| 16:24 | Create | Villager (Male) |
| 16:39 | Create | Villager (Male) |
| 16:44 | Build | Town Center |
| 16:46 | Create | Villager (Male) |
| 16:49 | Create | Villager (Male) |
| 16:51 | Create | Villager (Male) |
| 17:11 | Build | Mining Camp |
| 17:15 | Create | Villager (Male) |
| 17:15 | Create | Villager (Male) |
| 17:16 | Create | Villager (Male) |
| 17:47 | Create | Mangonel |
| 17:47 | Create | Mangonel |
| 18:08 | Create | Villager (Male) |
| 18:09 | Create | Villager (Male) |
| 18:09 | Create | Villager (Male) |
| 18:09 | Create | Villager (Male) |
| 18:09 | Create | Villager (Male) |
| 18:10 | Create | Villager (Male) |
| 18:10 | Create | Villager (Male) |
Build order — LVDB_Curandero
First 150 of 424 actions detected
| 0:05 | Build | House |
| 0:05 | Create | Villager (Male) ×4 |
| 0:07 | Build | House |
| 1:41 | Create | Villager (Male) |
| 1:41 | Create | Villager (Male) |
| 1:49 | Build | Lumber Camp |
| 1:55 | Create | Villager (Male) |
| 1:55 | Create | Villager (Male) |
| 2:30 | Create | Villager (Male) |
| 2:30 | Create | Villager (Male) |
| 2:44 | Create | Villager (Male) |
| 2:44 | Create | Villager (Male) |
| 3:12 | Create | Villager (Male) |
| 3:24 | Create | Villager (Male) |
| 3:24 | Create | Villager (Male) |
| 3:45 | Create | Villager (Male) |
| 3:46 | Create | Villager (Male) |
| 3:54 | Build | House |
| 3:55 | Build | House |
| 4:21 | Build | Mill |
| 4:22 | Create | Villager (Male) |
| 4:22 | Create | Villager (Male) |
| 4:31 | Create | Villager (Male) |
| 4:32 | Create | Villager (Male) |
| 4:32 | Create | Villager (Male) |
| 4:33 | Create | Villager (Male) |
| 5:07 | Create | Villager (Male) |
| 5:40 | Create | Villager (Male) |
| 5:50 | Create | Villager (Male) |
| 5:50 | Create | Villager (Male) |
| 6:32 | Create | Villager (Male) |
| 6:33 | Create | Villager (Male) |
| 6:33 | Create | Villager (Male) |
| 6:33 | Create | Villager (Male) |
| 7:15 | Build | Lumber Camp |
| 7:38 | Build | Farm |
| 7:47 | Build | Farm |
| 8:17 | Research | Feudal Age |
| 8:26 | Build | Mining Camp |
| 8:48 | Build | Farm |
| 9:54 | Build | Farm |
| 10:12 | Create | Villager (Male) |
| 10:12 | Create | Villager (Male) |
| 10:36 | Age | Feudal Age |
| 10:42 | Build | Blacksmith |
| 11:00 | Build | Market |
| 11:09 | Build | House |
| 12:02 | Research | Castle Age |
| 13:07 | Research | Loom |
| 13:08 | Create | Villager (Male) |
| 13:08 | Create | Villager (Male) |
| 13:18 | Build | House |
| 13:25 | Build | Farm |
| 13:29 | Build | Farm |
| 14:42 | Age | Castle Age |
| 14:45 | Build | Town Center |
| 14:46 | Research | Double-Bit Axe |
| 14:47 | Research | Horse Collar |
| 14:51 | Build | Town Center |
| 15:02 | Build | Siege Workshop |
| 15:35 | Build | House |
| 15:36 | Build | House |
| 16:15 | Create | Villager (Male) |
| 16:15 | Create | Villager (Male) |
| 16:16 | Create | Villager (Male) |
| 16:18 | Build | Farm |
| 16:19 | Build | Farm |
| 16:20 | Create | Armored Elephant |
| 16:21 | Create | Armored Elephant |
| 16:32 | Create | Villager (Male) |
| 16:32 | Create | Villager (Male) |
| 16:33 | Create | Villager (Male) |
| 16:43 | Build | House |
| 16:54 | Build | House |
| 17:00 | Create | Villager (Male) |
| 17:09 | Create | Villager (Male) |
| 17:09 | Create | Villager (Male) |
| 17:11 | Build | Farm |
| 17:12 | Build | Farm |
| 17:20 | Create | Villager (Male) |
| 17:25 | Build | House |
| 17:26 | Build | House |
| 17:30 | Create | Armored Elephant |
| 17:38 | Build | Mining Camp |
| 17:45 | Build | Farm |
| 17:47 | Create | Villager (Male) |
| 17:47 | Create | Villager (Male) |
| 17:48 | Create | Villager (Male) |
| 17:48 | Create | Villager (Male) |
| 17:48 | Create | Villager (Male) |
| 18:16 | Create | Villager (Male) |
| 18:17 | Create | Villager (Male) |
| 18:45 | Build | House |
| 18:47 | Build | House |
| 18:48 | Build | House |
| 18:49 | Create | Villager (Male) |
| 18:49 | Create | Villager (Male) |
| 18:57 | Create | Armored Elephant |
| 18:57 | Create | Armored Elephant |
| 19:07 | Build | Farm |
| 19:09 | Create | Villager (Male) |
| 19:10 | Create | Villager (Male) |
| 19:11 | Build | Lumber Camp |
| 19:17 | Build | Farm |
| 19:19 | Build | Farm |
| 19:45 | Create | Villager (Male) |
| 19:45 | Create | Villager (Male) |
| 19:47 | Build | Farm |
| 19:50 | Build | Farm |
| 20:01 | Create | Villager (Male) |
| 20:02 | Create | Villager (Male) |
| 20:05 | Build | House |
| 20:05 | Build | House |
| 20:06 | Build | House |
| 20:17 | Create | Mangonel |
| 20:18 | Create | Villager (Male) |
| 20:32 | Create | Villager (Male) |
| 20:34 | Build | Lumber Camp |
| 20:44 | Build | Farm |
| 20:45 | Build | Farm |
| 20:45 | Build | Farm |
| 20:46 | Build | Farm |
| 20:46 | Build | Farm |
| 20:46 | Build | Farm |
| 20:48 | Create | Villager (Male) |
| 21:10 | Build | House |
| 21:11 | Build | House |
| 21:28 | Research | Town Watch |
| 21:34 | Build | House |
| 21:34 | Build | House |
| 21:35 | Build | House |
| 21:35 | Build | House |
| 22:20 | Research | Wheelbarrow |
| 22:21 | Create | Villager (Male) |
| 22:21 | Create | Villager (Male) |
| 22:22 | Create | Villager (Male) |
| 22:22 | Create | Villager (Male) |
| 22:31 | Build | House |
| 22:32 | Build | House |
| 22:34 | Create | Villager (Male) |
| 22:34 | Create | Villager (Male) |
| 22:35 | Create | Villager (Male) |
| 22:35 | Create | Villager (Male) |
| 22:40 | Build | Farm |
| 22:41 | Build | Farm |
| 22:51 | Build | Mill |
| 22:52 | Build | Farm |
| 22:52 | Build | Farm |
| 22:52 | Build | Farm |
| 22:52 | Build | Farm |
Build order — Agro
First 150 of 205 actions detected
| 0:00 | Create | Villager (Male) ×4 |
| 0:02 | Build | House |
| 0:04 | Build | House |
| 1:20 | Create | Villager (Male) |
| 1:55 | Build | Lumber Camp |
| 1:56 | Create | Villager (Male) |
| 2:12 | Create | Villager (Male) |
| 2:14 | Create | Villager (Male) |
| 2:38 | Create | Villager (Male) |
| 3:40 | Build | Mill |
| 3:42 | Create | Villager (Male) ×3 |
| 3:53 | Build | House |
| 5:17 | Create | Villager (Male) ×5 |
| 5:24 | Create | Villager (Male) |
| 6:32 | Create | Villager (Male) |
| 6:34 | Build | House |
| 6:40 | Create | Villager (Male) ×3 |
| 7:22 | Create | Villager (Male) |
| 8:10 | Research | Loom |
| 8:41 | Research | Feudal Age |
| 10:51 | Age | Feudal Age |
| 11:46 | Create | Villager (Male) |
| 11:46 | Create | Villager (Male) |
| 11:47 | Research | Double-Bit Axe |
| 12:00 | Create | Villager (Male) |
| 12:00 | Create | Villager (Male) |
| 12:00 | Create | Villager (Male) |
| 12:04 | Build | House |
| 12:09 | Build | Watch Tower |
| 12:18 | Build | House |
| 12:20 | Build | House |
| 12:21 | Build | House |
| 12:24 | Build | House |
| 12:25 | Create | Villager (Male) |
| 12:25 | Create | Villager (Male) |
| 12:25 | Create | Villager (Male) |
| 12:26 | Create | Villager (Male) |
| 12:43 | Build | Farm |
| 12:45 | Build | Farm |
| 12:47 | Build | Farm |
| 12:49 | Build | Farm |
| 12:52 | Create | Villager (Male) |
| 13:26 | Build | Palisade Gate |
| 13:48 | Build | Farm |
| 13:50 | Build | Farm |
| 14:06 | Build | Lumber Camp |
| 14:08 | Create | Villager (Male) |
| 14:08 | Create | Villager (Male) |
| 14:37 | Create | Villager (Male) |
| 14:47 | Build | House |
| 15:34 | Build | Mining Camp |
| 15:37 | Create | Villager (Male) |
| 15:38 | Create | Villager (Male) |
| 15:38 | Create | Villager (Male) |
| 15:40 | Build | Farm |
| 15:58 | Create | Villager (Male) |
| 16:44 | Build | House |
| 17:02 | Build | House |
| 17:16 | Build | Farm |
| 17:17 | Build | Farm |
| 17:22 | Build | Farm |
| 17:23 | Build | Farm |
| 17:26 | Build | Farm |
| 17:33 | Create | Villager (Male) |
| 17:33 | Create | Villager (Male) |
| 17:33 | Create | Villager (Male) |
| 18:05 | Create | Villager (Male) |
| 18:05 | Create | Villager (Male) |
| 18:05 | Create | Villager (Male) |
| 18:05 | Create | Villager (Male) |
| 18:18 | Build | Farm |
| 18:22 | Build | Farm |
| 18:25 | Build | Farm |
| 18:30 | Create | Villager (Male) |
| 19:19 | Research | Horse Collar |
| 19:23 | Build | Palisade Wall |
| 20:41 | Build | Mill |
| 23:16 | Create | Villager (Male) |
| 23:16 | Create | Villager (Male) |
| 23:17 | Create | Villager (Male) |
| 23:17 | Create | Villager (Male) |
| 23:17 | Create | Villager (Male) |
| 23:17 | Create | Villager (Male) |
| 23:37 | Create | Villager (Male) |
| 23:37 | Create | Villager (Male) |
| 23:43 | Create | Villager (Male) |
| 23:44 | Create | Villager (Male) |
| 23:47 | Build | Blacksmith |
| 23:50 | Build | House |
| 24:05 | Create | Villager (Male) |
| 24:05 | Create | Villager (Male) |
| 24:05 | Create | Villager (Male) |
| 24:14 | Build | Building 487 |
| 25:09 | Create | Villager (Male) |
| 25:09 | Create | Villager (Male) |
| 25:10 | Create | Villager (Male) |
| 25:10 | Create | Villager (Male) |
| 25:27 | Build | Farm |
| 25:35 | Build | Mining Camp |
| 26:02 | Create | Villager (Male) |
| 26:02 | Create | Villager (Male) |
| 26:02 | Create | Villager (Male) |
| 26:33 | Build | Market |
| 27:02 | Build | Lumber Camp |
| 27:04 | Research | Castle Age |
| 27:52 | Research | Fletching |
| 27:52 | Research | Padded Archer Armor |
| 28:24 | Build | Lumber Camp |
| 29:22 | Create | Villager (Male) |
| 29:22 | Create | Villager (Male) |
| 29:37 | Create | Villager (Male) |
| 29:46 | Age | Castle Age |
| 29:51 | Build | Town Center |
| 29:56 | Build | Town Center |
| 30:01 | Create | Villager (Male) |
| 30:01 | Research | Bow Saw |
| 30:17 | Build | Farm |
| 30:26 | Create | Villager (Male) |
| 30:30 | Create | Villager (Male) |
| 30:39 | Build | Farm |
| 30:40 | Build | Farm |
| 30:43 | Build | Farm |
| 30:44 | Build | Farm |
| 30:45 | Build | Farm |
| 31:03 | Create | Villager (Male) |
| 31:03 | Create | Villager (Male) |
| 31:19 | Create | Villager (Male) |
| 31:35 | Create | Villager (Male) |
| 31:48 | Create | Villager (Male) |
| 31:49 | Create | Villager (Male) |
| 31:54 | Build | Farm |
| 31:58 | Build | Farm |
| 32:02 | Build | Farm |
| 32:03 | Build | Farm |
| 32:04 | Build | Farm |
| 32:07 | Create | Villager (Male) |
| 32:14 | Create | Villager (Male) |
| 32:22 | Build | Barracks |
| 32:26 | Create | Villager (Male) |
| 32:36 | Create | Villager (Male) |
| 32:36 | Create | Villager (Male) |
| 32:42 | Build | Farm |
| 32:42 | Build | Farm |
| 32:42 | Build | Farm |
| 32:42 | Build | Farm |
| 32:43 | Build | Farm |
| 32:43 | Build | Farm |
| 32:53 | Create | Villager (Male) |
| 32:54 | Create | Villager (Male) |
| 33:00 | Create | Villager (Male) |
Build order — JERRY
First 150 of 340 actions detected
| 0:02 | Create | Villager (Male) |
| 0:02 | Create | Villager (Male) |
| 0:03 | Create | Villager (Male) |
| 0:03 | Create | Villager (Male) |
| 0:03 | Create | Villager (Male) |
| 0:06 | Build | House |
| 1:30 | Create | Villager (Male) |
| 1:52 | Build | House |
| 1:53 | Build | House |
| 1:54 | Build | House |
| 1:55 | Build | House |
| 2:06 | Create | Villager (Male) |
| 2:06 | Create | Villager (Male) |
| 2:58 | Create | Villager (Male) |
| 2:58 | Create | Villager (Male) |
| 3:21 | Create | Villager (Male) |
| 3:22 | Create | Villager (Male) |
| 3:30 | Build | House |
| 3:32 | Build | House |
| 3:45 | Create | Villager (Male) |
| 3:46 | Create | Villager (Male) |
| 4:37 | Create | Villager (Male) |
| 4:37 | Create | Villager (Male) |
| 4:37 | Create | Villager (Male) |
| 5:35 | Create | Villager (Male) |
| 5:35 | Create | Villager (Male) |
| 5:48 | Build | Lumber Camp |
| 6:19 | Create | Villager (Male) |
| 6:19 | Create | Villager (Male) |
| 6:49 | Build | Mining Camp |
| 7:32 | Create | Villager (Male) |
| 7:32 | Create | Villager (Male) |
| 8:25 | Create | Villager (Male) |
| 8:25 | Create | Villager (Male) |
| 8:26 | Create | Villager (Male) |
| 8:54 | Create | Villager (Male) |
| 8:56 | Create | Villager (Male) |
| 10:18 | Create | Villager (Male) |
| 10:41 | Research | Feudal Age |
| 11:22 | Build | Mill |
| 13:03 | Age | Feudal Age |
| 13:06 | Build | Market |
| 13:08 | Build | Blacksmith |
| 13:12 | Create | Villager (Male) |
| 13:15 | Research | Horse Collar |
| 13:16 | Create | Villager (Male) |
| 13:20 | Build | Farm |
| 13:21 | Build | Farm |
| 13:22 | Build | Farm |
| 13:23 | Build | Farm |
| 13:24 | Build | Farm |
| 13:25 | Build | Farm |
| 13:26 | Build | Farm |
| 13:27 | Build | Farm |
| 13:29 | Build | Farm |
| 13:30 | Build | Farm |
| 13:31 | Build | Farm |
| 13:32 | Build | Farm |
| 14:07 | Create | Villager (Male) |
| 14:12 | Build | Farm |
| 14:15 | Build | Farm |
| 14:16 | Build | Farm |
| 14:41 | Research | Loom |
| 15:11 | Research | Castle Age |
| 15:11 | Research | Castle Age |
| 15:17 | Build | Mining Camp |
| 16:30 | Research | Double-Bit Axe |
| 16:58 | Research | Wheelbarrow |
| 17:51 | Age | Castle Age |
| 17:56 | Build | Town Center |
| 18:00 | Research | Bow Saw |
| 18:04 | Research | Heavy Plow |
| 18:30 | Build | Town Center |
| 18:38 | Create | Villager (Male) |
| 18:39 | Create | Villager (Male) |
| 18:39 | Create | Villager (Male) |
| 18:39 | Create | Villager (Male) |
| 18:40 | Create | Villager (Male) |
| 18:40 | Create | Villager (Male) |
| 18:40 | Create | Villager (Male) |
| 19:27 | Build | Farm |
| 19:28 | Build | Farm |
| 19:29 | Build | Farm |
| 19:29 | Build | Farm |
| 19:30 | Build | Farm |
| 19:32 | Build | Farm |
| 19:33 | Build | Farm |
| 19:45 | Create | Villager (Male) |
| 19:45 | Create | Villager (Male) |
| 20:05 | Create | Villager (Male) |
| 20:05 | Create | Villager (Male) |
| 20:06 | Create | Villager (Male) |
| 20:06 | Create | Villager (Male) |
| 20:32 | Create | Villager (Male) |
| 20:35 | Create | Villager (Male) |
| 20:35 | Create | Villager (Male) |
| 20:36 | Create | Villager (Male) |
| 20:36 | Create | Villager (Male) |
| 21:07 | Build | Town Center |
| 21:12 | Create | Villager (Male) |
| 21:12 | Create | Villager (Male) |
| 21:12 | Create | Villager (Male) |
| 21:13 | Create | Villager (Male) |
| 21:13 | Create | Villager (Male) |
| 21:13 | Create | Villager (Male) |
| 21:13 | Create | Villager (Male) |
| 21:14 | Create | Villager (Male) |
| 21:14 | Create | Villager (Male) |
| 21:16 | Build | House |
| 21:17 | Build | House |
| 21:18 | Build | House |
| 21:19 | Build | House |
| 21:20 | Build | House |
| 21:21 | Build | House |
| 21:52 | Build | House |
| 21:53 | Build | House |
| 21:59 | Create | Villager (Male) |
| 22:00 | Create | Villager (Male) |
| 22:00 | Create | Villager (Male) |
| 22:01 | Create | Villager (Male) |
| 22:25 | Build | Farm |
| 22:27 | Create | Villager (Male) |
| 22:28 | Create | Villager (Male) |
| 22:28 | Create | Villager (Male) |
| 22:28 | Create | Villager (Male) |
| 22:29 | Create | Villager (Male) |
| 22:30 | Create | Villager (Male) |
| 22:32 | Build | House |
| 22:33 | Build | House |
| 22:34 | Build | House |
| 22:35 | Build | House |
| 22:36 | Build | House |
| 22:37 | Build | House |
| 22:39 | Build | House |
| 22:40 | Build | House |
| 22:48 | Create | Villager (Male) |
| 22:49 | Create | Villager (Male) |
| 22:49 | Create | Villager (Male) |
| 23:22 | Build | Barracks |
| 23:28 | Create | Villager (Male) |
| 23:37 | Research | Scale Mail Armor |
| 23:38 | Research | Forging |
| 23:51 | Create | Villager (Male) |
| 23:52 | Create | Villager (Male) |
| 23:54 | Build | Mining Camp |
| 24:13 | Research | Pikeman (upgrade) |
| 24:19 | Build | Barracks |
| 24:23 | Create | Villager (Male) |
| 24:23 | Create | Villager (Male) |
| 24:23 | Create | Villager (Male) |
Build order — VZ | Nescar
144 actions detected in the replay
| 0:01 | Create | Villager (Male) |
| 0:01 | Create | Villager (Male) |
| 0:02 | Build | House |
| 0:04 | Build | House |
| 0:11 | Create | Villager (Male) |
| 0:12 | Create | Villager (Male) |
| 1:27 | Create | Villager (Male) |
| 1:27 | Create | Villager (Male) |
| 1:46 | Build | Lumber Camp |
| 1:48 | Create | Villager (Male) |
| 2:15 | Create | Villager (Male) |
| 2:46 | Create | Villager (Male) |
| 2:46 | Create | Villager (Male) |
| 3:17 | Create | Villager (Male) |
| 3:17 | Create | Villager (Male) |
| 3:17 | Create | Villager (Male) |
| 3:55 | Build | House |
| 3:56 | Build | House |
| 3:58 | Create | Villager (Male) |
| 3:58 | Create | Villager (Male) |
| 4:28 | Create | Villager (Male) |
| 4:29 | Create | Villager (Male) |
| 4:30 | Build | House |
| 5:18 | Build | Mill |
| 5:23 | Create | Villager (Male) |
| 5:23 | Create | Villager (Male) |
| 5:24 | Create | Villager (Male) |
| 5:24 | Create | Villager (Male) |
| 6:19 | Create | Villager (Male) |
| 6:20 | Create | Villager (Male) |
| 6:20 | Create | Villager (Male) |
| 6:20 | Create | Villager (Male) |
| 6:21 | Create | Villager (Male) |
| 6:49 | Create | Villager (Male) |
| 6:50 | Create | Villager (Male) |
| 7:09 | Build | Farm |
| 7:11 | Build | Farm |
| 7:13 | Build | Farm |
| 7:17 | Build | Farm |
| 7:46 | Create | Villager (Male) |
| 8:01 | Build | Mining Camp |
| 8:35 | Create | Villager (Male) |
| 8:55 | Build | Farm |
| 8:59 | Create | Villager (Male) |
| 9:07 | Research | Feudal Age |
| 9:40 | Build | Farm |
| 9:50 | Build | Farm |
| 10:22 | Build | House |
| 11:32 | Create | Villager (Male) |
| 11:46 | Age | Feudal Age |
| 11:48 | Create | Villager (Male) |
| 11:56 | Build | Blacksmith |
| 12:01 | Build | Market |
| 12:07 | Create | Villager (Male) |
| 12:56 | Research | Castle Age |
| 12:56 | Research | Castle Age |
| 13:38 | Research | Double-Bit Axe |
| 14:47 | Build | Farm |
| 15:00 | Research | Town Watch |
| 15:09 | Build | Stone Wall |
| 15:22 | Build | Stone Wall |
| 15:32 | Build | Stone Wall |
| 15:38 | Create | Villager (Male) |
| 15:39 | Research | Loom |
| 15:41 | Age | Castle Age |
| 15:45 | Create | Villager (Male) |
| 15:54 | Build | Siege Workshop |
| 16:23 | Build | Monastery |
| 16:36 | Create | Villager (Male) |
| 16:38 | Research | Loom |
| 17:06 | Research | Imperial Age |
| 17:07 | Research | Imperial Age |
| 17:32 | Create | Villager (Male) |
| 17:44 | Build | Market |
| 18:06 | Build | Barracks |
| 18:10 | Build | Lumber Camp |
| 18:38 | Build | Watch Tower |
| 18:40 | Build | Farm |
| 19:14 | Build | Farm |
| 19:14 | Build | Farm |
| 19:49 | Build | Lumber Camp |
| 19:59 | Build | Stone Wall |
| 20:16 | Age | Imperial Age |
| 20:28 | Create | Bombard Cannon |
| 22:00 | Create | Villager (Male) |
| 22:00 | Create | Villager (Male) |
| 22:47 | Build | Stone Wall |
| 23:41 | Build | Mill |
| 23:41 | Build | Farm |
| 23:42 | Build | Farm |
| 23:42 | Build | Farm |
| 23:42 | Build | Farm |
| 23:42 | Build | Farm |
| 23:46 | Research | Loom |
| 24:17 | Create | Villager (Male) |
| 24:24 | Create | Villager (Male) |
| 24:24 | Create | Villager (Male) |
| 25:14 | Build | Farm |
| 25:14 | Build | Farm |
| 25:22 | Create | Villager (Male) |
| 25:26 | Build | Archery Range |
| 25:40 | Research | Town Watch |
| 26:00 | Create | Villager (Male) |
| 26:10 | Create | Villager (Male) |
| 26:30 | Build | Stone Wall |
| 26:44 | Create | Villager (Male) |
| 26:48 | Build | Farm |
| 26:49 | Create | Villager (Male) |
| 26:53 | Build | Farm |
| 26:53 | Build | Farm |
| 26:54 | Build | Farm |
| 27:10 | Create | Villager (Male) |
| 27:33 | Create | Villager (Male) |
| 27:38 | Create | Villager (Male) |
| 27:49 | Build | House |
| 27:54 | Create | Hand Cannoneer |
| 27:56 | Create | Villager (Male) |
| 28:15 | Create | Villager (Male) |
| 28:19 | Build | House |
| 28:30 | Build | Farm |
| 28:41 | Create | Villager (Male) |
| 28:44 | Build | House |
| 28:45 | Build | House |
| 28:45 | Build | House |
| 28:46 | Build | House |
| 28:46 | Build | House |
| 28:46 | Build | House |
| 28:59 | Build | Building 487 |
| 29:02 | Create | Villager (Male) |
| 29:06 | Create | Hand Cannoneer |
| 29:19 | Create | Villager (Male) |
| 29:26 | Research | Bow Saw |
| 29:42 | Create | Bombard Cannon |
| 30:09 | Create | Villager (Male) |
| 30:15 | Build | House |
| 31:52 | Create | Hand Cannoneer ×5 |
| 31:54 | Create | Villager (Male) |
| 31:54 | Create | Villager (Male) |
| 31:54 | Create | Villager (Male) |
| 32:00 | Create | Bombard Cannon |
| 32:57 | Build | Market |
| 34:46 | Build | Town Center |
| 34:50 | Create | Bombard Cannon |
| 36:16 | Build | Lumber Camp |
Build order — 祈求好运
First 150 of 241 actions detected
| 0:05 | Create | Villager (Male) |
| 0:05 | Create | Villager (Male) |
| 0:05 | Create | Villager (Male) |
| 0:07 | Build | House |
| 0:09 | Build | House |
| 0:23 | Create | Villager (Male) |
| 0:23 | Create | Villager (Male) |
| 1:34 | Create | Villager (Male) |
| 1:58 | Build | Lumber Camp |
| 2:10 | Create | Villager (Male) |
| 2:33 | Create | Villager (Male) |
| 2:53 | Create | Villager (Male) |
| 2:58 | Create | Villager (Male) |
| 3:39 | Create | Villager (Male) |
| 3:55 | Build | House |
| 4:05 | Create | Villager (Male) |
| 4:15 | Create | Villager (Male) |
| 4:55 | Create | Villager (Male) |
| 5:10 | Create | Villager (Male) |
| 5:42 | Build | Mining Camp |
| 5:54 | Create | Villager (Male) |
| 6:17 | Research | Loom |
| 6:50 | Research | Feudal Age |
| 7:47 | Build | House |
| 8:38 | Build | House |
| 8:48 | Create | Villager (Male) |
| 9:00 | Age | Feudal Age |
| 9:06 | Create | Villager (Male) |
| 9:53 | Build | Watch Tower |
| 10:04 | Create | Villager (Male) |
| 10:08 | Build | Blacksmith |
| 10:24 | Create | Villager (Male) |
| 10:53 | Create | Villager (Male) |
| 11:14 | Research | Fletching |
| 11:33 | Build | House |
| 11:51 | Create | Villager (Male) |
| 12:00 | Build | Watch Tower |
| 12:14 | Create | Villager (Male) |
| 12:20 | Build | House |
| 12:49 | Build | Watch Tower |
| 12:54 | Create | Villager (Male) |
| 13:11 | Build | Mill |
| 13:34 | Create | Villager (Male) |
| 13:36 | Create | Villager (Male) |
| 14:11 | Build | Watch Tower |
| 14:16 | Create | Villager (Male) |
| 14:43 | Create | Villager (Male) |
| 15:16 | Create | Villager (Male) |
| 15:22 | Build | Farm |
| 15:23 | Build | Farm |
| 15:26 | Build | Farm |
| 15:44 | Create | Villager (Male) |
| 15:51 | Build | Farm |
| 15:53 | Create | Villager (Male) |
| 16:28 | Build | House |
| 16:29 | Build | House |
| 16:35 | Create | Villager (Male) |
| 16:46 | Build | Watch Tower |
| 16:55 | Create | Villager (Male) |
| 17:09 | Research | Horse Collar |
| 17:15 | Create | Villager (Male) |
| 17:38 | Research | Double-Bit Axe |
| 17:44 | Build | Farm |
| 17:55 | Create | Villager (Male) |
| 18:17 | Create | Villager (Male) |
| 18:20 | Build | Farm |
| 18:23 | Build | Farm |
| 18:29 | Create | Villager (Male) |
| 19:02 | Create | Villager (Male) |
| 19:13 | Build | Watch Tower |
| 19:17 | Create | Villager (Male) |
| 19:36 | Create | Villager (Male) |
| 19:49 | Build | House |
| 20:19 | Create | Villager (Male) |
| 20:22 | Build | Farm |
| 20:25 | Build | Farm |
| 20:45 | Create | Villager (Male) |
| 20:53 | Build | House |
| 20:54 | Build | House |
| 21:28 | Create | Villager (Male) |
| 21:34 | Build | Market |
| 21:55 | Create | Villager (Male) |
| 21:57 | Build | Farm |
| 22:02 | Create | Villager (Male) |
| 22:08 | Build | Mining Camp |
| 22:30 | Build | Watch Tower |
| 22:35 | Create | Villager (Male) |
| 22:55 | Create | Villager (Male) |
| 23:01 | Build | House |
| 23:12 | Research | Castle Age |
| 23:37 | Build | House |
| 23:48 | Build | Farm |
| 23:48 | Build | Farm |
| 23:50 | Build | Farm |
| 24:26 | Build | Barracks |
| 24:31 | Research | Scale Barding Armor |
| 24:44 | Build | Farm |
| 24:48 | Build | Farm |
| 24:49 | Build | Farm |
| 24:59 | Research | Gold Mining |
| 25:06 | Build | Stable |
| 25:37 | Build | Stable |
| 25:40 | Research | Bloodlines |
| 26:09 | Research | Forging |
| 26:15 | Age | Castle Age |
| 26:16 | Create | Villager (Male) |
| 26:19 | Create | Knight |
| 26:22 | Create | Knight |
| 26:31 | Create | Villager (Male) |
| 26:41 | Build | Farm |
| 26:42 | Build | Farm |
| 26:53 | Build | Town Center |
| 27:01 | Create | Villager (Male) |
| 27:11 | Create | Knight |
| 27:13 | Create | Knight |
| 27:27 | Create | Villager (Male) |
| 27:50 | Create | Villager (Male) |
| 28:00 | Create | Villager (Male) |
| 28:01 | Create | Villager (Male) |
| 28:09 | Build | Farm |
| 28:10 | Build | Farm |
| 28:11 | Build | Farm |
| 28:24 | Create | Knight |
| 28:24 | Create | Knight |
| 28:25 | Create | Knight |
| 28:25 | Create | Knight |
| 28:29 | Create | Villager (Male) |
| 28:31 | Create | Villager (Male) |
| 28:34 | Build | Farm |
| 28:35 | Build | Farm |
| 28:37 | Build | Farm |
| 28:38 | Build | Farm |
| 28:45 | Create | Villager (Male) |
| 28:56 | Create | Knight |
| 29:07 | Create | Villager (Male) |
| 29:17 | Build | House |
| 29:18 | Build | House |
| 29:39 | Create | Villager (Male) |
| 29:40 | Create | Villager (Male) |
| 29:51 | Build | Farm |
| 29:52 | Build | Farm |
| 30:03 | Research | Chain Barding Armor |
| 30:07 | Create | Villager (Male) |
| 30:07 | Create | Villager (Male) |
| 30:17 | Build | House |
| 30:18 | Build | House |
| 30:41 | Create | Villager (Male) |
| 30:41 | Create | Villager (Male) |
| 30:58 | Build | Castle |
| 31:05 | Create | Villager (Male) |
Match timeline
| 9:00 | 祈求好运 · age_up feudal |
| 10:15 | xBray · age_up feudal |
| 10:19 | My Melody · first_building Barracks |
| 10:36 | LVDB_Curandero · age_up feudal |
| 10:51 | Agro · age_up feudal |
| 11:46 | VZ | Nescar · age_up feudal |
| 12:11 | My Melody · age_up feudal |
| 12:13 | My Melody · first_building Stable |
| 13:03 | JERRY · age_up feudal |
| 13:15 | yugiohcards7039 · first_market_sell 100 stone |
| 13:50 | xBray · age_up castle |
| 13:57 | xBray · first_building Castle |
| 14:42 | LVDB_Curandero · age_up castle |
| 15:02 | LVDB_Curandero · first_building Siege Workshop |
| 15:09 | VZ | Nescar · wall_segment Stone Wall x11 |
| 15:22 | VZ | Nescar · wall_segment Stone Wall x9 |
| 15:26 | xBray · first_market_sell 100 wood |
| 15:29 | xBray · first_market_buy 100 food |
| 15:32 | VZ | Nescar · wall_segment Stone Wall x2 |
| 15:41 | VZ | Nescar · age_up castle |
| 15:41 | My Melody · age_up castle |
| 15:45 | My Melody · first_building Monastery |
| 15:54 | VZ | Nescar · first_building Siege Workshop |
| 16:21 | yugiohcards7039 · first_building Siege Workshop |
| 16:23 | VZ | Nescar · first_building Monastery |
| 17:44 | yugiohcards7039 · first_market_buy 100 wood |
| 17:51 | JERRY · age_up castle |
| 18:06 | VZ | Nescar · first_building Barracks |
| 18:32 | VZ | Nescar · first_market_buy 100 stone |
| 18:51 | LVDB_Curandero · first_market_sell 100 wood |
| 18:53 | LVDB_Curandero · first_market_buy 100 food |
| 19:23 | Agro · wall_segment Palisade Wall x1 |
| 19:59 | VZ | Nescar · wall_segment Stone Wall x1 |
| 20:16 | VZ | Nescar · age_up imperial |
| 21:21 | LVDB_Curandero · tribute_sent a jugador 1 |
| 21:21 | LVDB_Curandero · tribute_sent a jugador 2 |
| 21:21 | LVDB_Curandero · tribute_sent a jugador 3 |
| 21:21 | LVDB_Curandero · tribute_sent a jugador 5 |
| 21:21 | LVDB_Curandero · tribute_sent a jugador 6 |
| 21:21 | LVDB_Curandero · tribute_sent a jugador 7 |
| 21:21 | LVDB_Curandero · tribute_sent a jugador 8 |
| 22:40 | xBray · first_building Monastery |
| 22:47 | VZ | Nescar · wall_segment Stone Wall x1 |
| 22:58 | My Melody · first_market_sell 100 wood |
| 23:04 | 祈求好运 · first_market_sell 500 wood |
| 23:06 | 祈求好运 · first_market_buy 100 food |
| 23:22 | JERRY · first_building Barracks |
| 24:21 | VZ | Nescar · first_market_sell 100 wood |
| 24:26 | 祈求好运 · first_building Barracks |
| 24:52 | LVDB_Curandero · wall_segment Stone Wall x1 |
| 25:06 | 祈求好运 · first_building Stable |
| 25:23 | My Melody · first_building Archery Range |
| 25:26 | VZ | Nescar · first_building Archery Range |
| 25:41 | LVDB_Curandero · first_building Castle |
| 25:46 | yugiohcards7039 · first_building Castle |
| 26:15 | 祈求好运 · age_up castle |
| 26:30 | VZ | Nescar · wall_segment Stone Wall x1 |
| 26:33 | LVDB_Curandero · first_building Barracks |
| 26:35 | JERRY · first_building Castle |
| 26:46 | JERRY · tribute_sent a jugador 1 |
| 26:46 | JERRY · tribute_sent a jugador 2 |
| 26:46 | JERRY · tribute_sent a jugador 3 |
| 26:46 | JERRY · tribute_sent a jugador 4 |
| 26:46 | JERRY · tribute_sent a jugador 5 |
| 26:46 | JERRY · tribute_sent a jugador 7 |
| 26:46 | JERRY · tribute_sent a jugador 8 |
| 27:14 | yugiohcards7039 · first_building Monastery |
| 27:37 | My Melody · first_market_buy 100 wood |
| 27:41 | LVDB_Curandero · first_building Archery Range |
| 28:17 | xBray · first_building Barracks |
| 29:00 | yugiohcards7039 · first_building Barracks |
| 29:39 | xBray · first_building Archery Range |
| 29:46 | Agro · age_up castle |
| 30:30 | xBray · age_up imperial |
| 30:52 | JERRY · age_up imperial |
| 30:58 | 祈求好运 · first_building Castle |
| 32:02 | LVDB_Curandero · age_up imperial |
| 32:22 | Agro · first_building Barracks |
| 32:30 | LVDB_Curandero · first_building Monastery |
| 32:56 | LVDB_Curandero · first_building Stable |
| 33:14 | Agro · first_building Archery Range |
| 34:03 | My Melody · age_up imperial |
| 37:22 | My Melody · resign |
[ AI ANALYSIS · 1 CREDIT ]
What really happened in this match?
Wolo.gg analyzes every decision: build order, eco, micro, common mistakes by bracket. Personalized analysis on WhatsApp or Discord in 30 seconds.
Civ guide
Spanish
Map guide
Arena
Perfil
Jugador #14448779